 Dungeon Crawl Stone Soup version 0.31-a0-276-ge00219d475 (webtiles) character file.

Game seed: 14556244847562527705

335 AIAndy the Changeling (level 6, -2/82 HPs)
             Began as a Troll Shapeshifter on July 15, 2023.
             Slain by Edmund
             ... wielding a +2 heavy flail
              (15 damage)
             ... on level 4 of the Dungeon.
             The game lasted 00:11:55 (2688 turns).

AIAndy the Changeling (Troll Shapeshifter)          Turns: 2688, Time: 00:11:56

Health: -2/82      AC: 23    Str: 26    XL:     6   Next: 28%
Magic:  5/5        EV:  1    Int:  4    God:
Gold:   172        SH:  0    Dex: 10    Spells: 5/5 levels left

rFire   . .          .
                       - Unarmed
rCold   . . .        (no shield)
rNeg    . . .        a - melded +0 animal skin
rPois   +            (helmet currently unavailable)
rElec   .            (cloak currently unavailable)
rCorr   +            (gloves unavailable)
SInv    .            (boots unavailable)
Will    .....        (no amulet)
Stlth   +            R - ring of resist corrosion
HPRegen 1.13/turn    (no ring)
MPRegen 0.09/turn

%: no passive effects
@: tree-form
A: stationary, stasis, torment immunity, boosted hp, large, unfitting armour,
(claws 3), regeneration 1, (shaggy fur 1), (tough skin 1)
a: no special abilities


You were on level 4 of the Dungeon.
You were a tree.
You visited 1 branch of the dungeon, and saw 4 of its levels.

You collected 172 gold pieces.


Innate Abilities, Weirdness & Mutations

You are a tree.
Your roots penetrate the ground, keeping you stationary.
You cannot be teleported.
You are immune to unholy pain and torment.
Your maximum health is greatly increased.
Your equipment is partially melded.
You are too large for most types of armour.
((You have claws for hands.))
Your natural rate of healing is unusually fast.
((You are covered in fur. (AC +1)))
((You have tough skin. (AC +1)))


   Skills:
 - Level 1.5 Fighting
 - Level 1.5 Dodging
 - Level 4.0 Unarmed Combat
 + Level 5.4 Shapeshifting


You had 5 spell levels left.
You didn't know any spells.
Your spell library contained the following spells:

 Spells                   Type           Power      Damage    Failure   Level
 Cigotuvi's Dreadful Rot  Necr/Pois/Air  0%         N/A       65%         2
 Dispel Undead            Necr           0%         3d6       99%         4
 Death Channel            Necr           0%         N/A       100%        6

Inventory:

Hand Weapons
 h - a +2 dagger of venom
 p - a +1 dagger of electrocution
Missiles
 k - 3 curare-tipped darts {=f}
 l - 2 javelins
 m - a poisoned dart (quivered)
Armour
 a - a +0 animal skin (melded)
Magical Staves
 o - a staff of cold
Jewellery
 R - a ring of resist corrosion (left branch)
Talismans
 c - a beast talisman
 q - a serpent talisman
Wands
 i - a wand of light (6)
 v - a wand of digging (4)
Scrolls
 d - a scroll of brand weapon {unknown}
 e - 4 scrolls of teleportation {unknown}
 j - a scroll of noise {unknown}
 n - a scroll of amnesia {unknown}
 r - a scroll of enchant armour {unknown}
 s - 2 scrolls of identify {unknown}
 t - a scroll of revelation {unknown}
 u - a scroll of poison {unknown}
 w - a scroll of vulnerability {unknown}
Potions
 f - 3 potions of enlightenment {unknown}
 g - a potion of curing {unknown}

Dungeon Overview and Level Annotations

Branches:
Dungeon (4/15)
 Temple: D:4-7

Altars:

Annotations:
D:4 Edmund

#......' #......#
#....#.# ######.# #.# .
#.# ... #.#
.>...#################.#
(.((.g@♣...............#
(....###################
.<. #


You could see Edmund and a hobgoblin.


Message History

Edmund barely misses you.
You scratch Edmund but do no damage.
Edmund is heavily wounded.
Edmund hits you with a +2 heavy flail!
You completely miss Edmund.
Edmund is heavily wounded.
You scratch Edmund.
Edmund is severely wounded.
Edmund hits you with a +2 heavy flail!
* * * LOW HITPOINT WARNING * * *
You are too injured to fight recklessly!
You are too injured to fight recklessly!
You scratch Edmund.
Edmund is severely wounded.
Edmund hits you with a +2 heavy flail!
* * * LOW HITPOINT WARNING * * *
Okay, then.
Really quaff
b - a potion of lignification {!q}?
Really quaff the potion of lignification?
Your transformation has ended.
You turn into a tree.
Your +0 animal skin melds into your body.
Your roots penetrate the ground.
You smack Edmund!
Edmund is almost dead.
Edmund hits you but does no damage.
You closely miss Edmund.
Edmund is almost dead.
Edmund hits you with a +2 heavy flail!
You die...

Skill      XL: |  1  2  3  4  5 |
---------------+----------------+-----
Unarmed Combat | 3 4 |  4.0
Shapeshifting  | 4 5 |  5.4
Fighting       | |  1.5
Dodging        | |  1.5

Action                     |  1- 3 |  4- 6 || total
---------------------------+-------+-------++-------
  Melee: Unarmed           |    75 |    94 ||   169
         Punch             |       |     1 ||     1
  Throw: Dart              |     6 |    19 ||    25
         Javelin           |     2 |     2 ||     4
  Evoke: Wand              |     1 |       ||     1
    Use: Potion            |       |     1 ||     1
 Armour: Animal skin       |    22 |    34 ||    56
         Skin              |       |     1 ||     1
  Dodge: Dodged            |    38 |    30 ||    68

Levels and vault maps discovered:
D:1:      spicycebolla_arrival_transporter_tutorial, layout_basic
D:2:      layout_basic, hellmonk_ecumenical_altar_watching_god,
          amcnicky_mini_corridor_feature, uniq_natasha
D:3:      layout_basic, wad_rectangle_vault
D:4:      layout_basic, uniq_edmund, uniq_robin

Notes
Turn   | Place    | Note
-------+----------+-------------------------------------------
     0 | D:1      | AIAndy the Troll Shapeshifter began the quest for the Orb.
     0 | D:1      | Reached XP level 1. HP: 19/19 MP: 0/0
   122 | D:1      | Reached XP level 2. HP: 27/27 MP: 1/1
   234 | D:1      | Reached XP level 3. HP: 33/33 MP: 2/2
   558 | D:2      | Noticed a great orb of eyes
   561 | D:2      | Found a faded altar of an unknown god.
   563 | D:2      | Noticed a floating eye
   563 | D:2      | Noticed a golden eye
   563 | D:2      | Noticed an eye of devastation
   607 | D:2      | Reached skill level 3 in Unarmed Combat
   974 | D:2      | Noticed Natasha
   980 | D:2      | Killed Natasha
   981 | D:2      | Reached XP level 4. HP: 38/41 MP: 3/3
  1058 | D:2      | Noticed Natasha
  1064 | D:2      | Killed Natasha
  1065 | D:2      | Reached skill level 4 in Shapeshifting
  1466 | D:2      | Noticed Natasha
  1476 | D:2      | Killed Natasha
  1477 | D:2      | Reached skill level 4 in Unarmed Combat
  1477 | D:2      | Reached XP level 5. HP: 37/48 MP: 4/4
  2101 | D:4      | Noticed an ogre
  2117 | D:4      | Killed an ogre
  2118 | D:4      | Reached skill level 5 in Shapeshifting
  2118 | D:4      | Reached XP level 6. HP: 41/55 MP: 5/5
  2319 | D:4      | Noticed Robin
  2348 | D:4      | Killed Robin
  2671 | D:4      | Noticed Edmund
  2688 | D:4      | Slain by Edmund

Vanquished Creatures
  An ogre (D:4)
  A hound (D:3)
  Natasha (thrice) (D:2)
  Robin (D:4)
  2 adders
  A shadow imp (D:4)
  3 worms
  3 dart slugs
  3 orcs
  5 ball pythons
  11 bats
  10 endoplasms
  3 giant cockroaches
  14 goblins
  10 hobgoblins
  5 quokkas
  3 frilled lizards
  4 kobolds
  4 rats
87 creatures vanquished.

Table legend: (Time is in decaauts)
 A = Elapsed time spent in this place.
 B = Non-inter-level travel time spent in this place.
 C = Inter-level travel time spent in this place.
 D = Time resting spent in this place.
 E = Time spent auto-exploring this place.
 F = Levels seen in this place.
 G = Mean time per level.
                   A        B        C        D        E       F      G
               +--------+--------+--------+--------+--------+-----+--------+
         Total |   2690 |   2524 |    166 |      0 |   2022 |   4 |  672.5 |
       Dungeon |   2690 |   2524 |    166 |      0 |   2022 |   4 |  672.5 |
               +--------+--------+--------+--------+--------+-----+--------+

Top non-repeatable levels by time:
     D:2: 1001 daAuts
     D:1: 586 daAuts
     D:4: 577 daAuts
     D:3: 525 daAuts

Table legend:
 A = Non-vault XP
 B = Vault XP
 C = Vault XP percentage of total XP
 D = Non-vault monster count
 E = Vault monster count
 F = Vault count percentage of total count
                 A         B        C        D         E       F
            +---------+---------+-------+---------+---------+-------
      Total |     398 |      81 |  16.9 |      69 |      18 |  20.7
            +---------+---------+-------+---------+---------+-------
        D:1 |      47 |       0 |   0.0 |      27 |       0 |   0.0
        D:2 |     120 |      35 |  22.6 |      18 |       1 |   5.3
        D:3 |      65 |      11 |  14.5 |      14 |       6 |  30.0
        D:4 |     166 |      35 |  17.4 |      10 |      11 |  52.4
            +---------+---------+-------+---------+---------+-------
